 Dungeon Crawl Stone Soup version 0.28.0-53-g5a82cb258f (webtiles) character file.

Game seed: 13406748584149821864

13031 Zeld the Grappler (level 11, -22/92 HPs)
             Began as a Pale Draconian Transmuter on May 21, 2022.
             Was an Initiate of Gozag.
             Annihilated by a two-headed ogre
             ... wielding the +10 dark maul {vorpal}
              (62 damage)
             ... on level 10 of the Dungeon.
             The game lasted 00:18:06 (19317 turns).

Zeld the Grappler (Pale Draconian Transmuter)      Turns: 19317, Time: 00:18:07

Health: -22/92     AC: 11    Str: 17    XL:     11   Next: 70%
Magic:  24/24      EV: 12    Int: 14    God:    Gozag
Gold:   908        SH:  0    Dex: 11    Spells: 7/28 levels left

rFire   . . .      SeeInvis +     - Unarmed
rCold   . . .      Faith    .   (no shield)
rNeg    . . .      Spirit   .   (armour unavailable)
rPois   .          Reflect  .   n - +2 hat
rElec   .          Harm     .   u - +0 cloak
rCorr   .          Rampage  .   d - +0 pair of gloves
Will    .....                   (no boots)
Stlth   +.........              (no amulet)
HPRegen 0.25/turn               v - ring of see invisible
MPRegen 0.19/turn               (no ring)

@: no status effects
A: breathe steam, AC +7, unfitting armour, cold-blooded, steam resistance
a: Breathe Steam, Renounce Religion, Potion Petition, Call Merchant, Bribe
Branch


You were on level 10 of the Dungeon.
You worshipped Gozag.
Gozag was pleased with you.
You visited 2 branches of the dungeon, and saw 12 of its levels.
You also visited: Sewer.

You collected 2098 gold pieces.
You spent 434 gold pieces at shops.
You paid 756 gold pieces to Gozag.

Inventory:

Armour
 d - a +0 pair of gloves (worn)
 n - a +2 hat (worn)
 o - an orb of energy
 u - a +0 cloak (worn)
Jewellery
 q - a ring of protection from cold
 v - a ring of see invisible (left hand)
Wands
 w - a wand of iceblast (10)
 B - a wand of digging (5)
 D - a wand of flame (8)
 F - a wand of acid (6)
Scrolls
 a - a scroll of immolation {unknown}
 i - 2 scrolls of enchant weapon
 p - a scroll of fear
 s - 2 scrolls of summoning
 x - 4 scrolls of teleportation {unknown}
 y - a scroll of brand weapon {unknown}
 z - a scroll of enchant armour {unknown}
 A - 2 scrolls of magic mapping {unknown}
 C - a scroll of acquirement {unknown}
 E - a scroll of amnesia {unknown}
Potions
 b - 6 potions of heal wounds {unknown}
 c - 7 potions of curing
 e - 2 potions of flight {unknown}
 f - 2 potions of ambrosia {unknown}
 g - 3 potions of degeneration {unknown}
 h - a potion of mutation {unknown}
 j - a potion of might {unknown}
 k - a potion of invisibility
 l - a potion of attraction {unknown}
 m - 2 potions of brilliance {unknown}
 r - a potion of haste {unknown}
 t - a potion of magic {unknown}


   Skills:
 + Level 7.4 Fighting
 - Level 1.7 Dodging
 * Level 10.3 Unarmed Combat
 * Level 9.2 Spellcasting
 * Level 9.9 Transmutations
 - Level 2.0 Ice Magic
 + Level 4.0 Earth Magic
 - Level 2.0 Poison Magic
 + Level 1.9 Evocations


You had 7 spell levels left.
You knew the following spells:

 Your Spells              Type           Power      Damage    Failure   Level
a - Beastly Appendage     Tmut           68%        N/A       1%          1
b - Wereblood             Tmut           34%        N/A       1%          2
c - Spider Form           Tmut/Pois      23%        N/A       3%          3
d - Ice Form              Ice/Tmut       23%        N/A       10%         4
e - Blade Hands           Tmut           17%        N/A       5%          5
f - Statue Form           Tmut/Erth      17%        N/A       69%         6

Your spell library contained the following spells:

 Spells                   Type           Power      Damage    Failure   Level
 Ignite Poison            Fire/Tmut/Pois 17%        N/A       7%          3
 Magic Dart               Conj           24%        1d4       12%         1
 Summon Small Mammal      Summ           24%        N/A       12%         1
 Searing Ray              Conj           12%        2d4       17%         2
 Sublimation of Blood     Necr           6%         N/A       17%         2
 Call Canine Familiar     Summ           6%         N/A       34%         3
 Confusing Touch          Hex            6%         N/A       34%         3
 Conjure Flame            Conj/Fire      6%         6-21      34%         3
 Portal Projectile        Hex/Tloc       12%        N/A       34%         3
 Summon Guardian Golem    Hex/Summ       6%         N/A       34%         3
 Yara's Violent Unravell  Hex/Tmut       10%        3d6       38%         5
 Leda's Liquefaction      Hex/Erth       6%         N/A       43%         4
 Lee's Rapid Deconstruct  Erth           8%         3d8*      52%         5
 Fulminant Prism          Conj/Hex       3%         3d6       75%         4
 Sticky Flame             Conj/Fire      6%         2d3       75%         4
 Excruciating Wounds      Necr           3%         N/A       97%         5
 Enfeeble                 Hex            3%         N/A       100%        7
 Summon Hydra             Summ           3%         N/A       100%        7
 Chain Lightning          Conj/Air       3%         3d4       100%        9
 Fire Storm               Conj/Fire      3%         8d1       100%        9
 Shatter                  Erth           8%         3d10*     100%        9


Dungeon Overview and Level Annotations

Branches:
Dungeon (11/15)            Temple (1/1) D:4            Lair (0/6) D:10
  Sewer (visited)
    Orc: D:9-12

Altars:
Ashenzari
Cheibriados
Dithmenos
Elyvilon
Fedhas
Gozag
Hepliaklqana
Kikubaaqudgha
Makhleb
Nemelex Xobeh
Okawaru
Qazlal
Ru
Sif Muna
Trog
Uskayaw
Vehumet
Wu Jian
Xom
Yredelemnul
Zin
The Shining One
Jiyva

Shops:
D:5 =   D:8 *   D:10 [

Annotations:
D:11 exclusion: door


Innate Abilities, Weirdness & Mutations

You can breathe blasts of scalding, opaque steam.
Your pale cyan-grey scales are hard. (AC +7)
You cannot fit into any form of body armour.
You are cold-blooded and may be slowed by cold attacks.
You are immune to the effects of steam.


Message History

Ouch! That really hurt!
The two-headed ogre hits you with a +0 giant club!!
* * * LOW HITPOINT WARNING * * *
There is a stone staircase leading up, spattered with blood here.
The two-headed ogre hits you with the +10 dark maul {vorpal}!
* * * LOW HITPOINT WARNING * * *
x2 The two-headed ogre hits you but does no damage.
You climb upwards.
There is a stone staircase leading down, spattered with blood here.
Things that are here:
a +0 robe; a +0 dagger
Things that are here:
a +0 leather armour; a +0 hand axe
There is a stone staircase leading down, spattered with blood here.
Things that are here:
a +0 robe; a +0 dagger You see here a throwing net.
You see here a throwing net.
There is a stone staircase leading up, spattered with blood here.
There is a stone staircase leading up, spattered with blood here.
There is a stone staircase leading up, spattered with blood here.
There is a stone staircase leading up, spattered with blood here.
There is a stone staircase leading up, spattered with blood here.
There is a stone staircase leading up, spattered with blood here.
There is a stone staircase leading up, spattered with blood here.
There is a stone staircase leading up, spattered with blood here.
There is a stone staircase leading up, spattered with blood here.
Okay, then.
There is a stone staircase leading up, spattered with blood here.
Okay, then.
There is a stone staircase leading up, spattered with blood here.
Press: ? - help, v - describe, . - travel
Here: a two-headed ogre, wielding the +10 dark maul {vorpal} and a +0 giant club The floor.
Unknown command.
There is a stone staircase leading up, spattered with blood here.
The two-headed ogre hits you with the +10 dark maul {vorpal}!!!
Ouch! That really hurt!
You die...
Your body crumbles into a pile of gold.

..## ########### #### .##
#.........### ####..## ##
#.#######...#####......# #
#.# #.......##..####.# #.###
#..........### #.#
#...###.......##...###.###
###...........####.......[
#####.......O.<.###.....#..[
##.....##.#.@####.((.######.#
#..######....###..#### #.#
#.## ##...##..## #.. ###.#
#...#...## ###. ###...####
#)#....## #... .........#
#.#..#.# ##.## ≈≈≈≈≈≈≈≈.#
##.####.# ##..##
#######≈.###..# #.# #..###
.#(...#≈.....## #.# #.##


You could see a two-headed ogre.

Vanquished Creatures
  Harold (D:9)
  4 two-headed ogres
  A cyclops (D:11)
  A manticore (D:9)
  A kobold demonologist (D:6)
  Psyche (D:9)
  A troll (D:11)
  2 vampires
  A wyvern (D:10)
  11 yaks
  2 steam dragons
  6 vampire mosquitoes (D:11)
  Menkaure (D:7)
  4 wargs (D:10)
  An acid dragon (D:10)
  4 water moccasins
  6 orc warriors
  3 black bears
  An ice beast (D:5)
  A sky beast (D:6)
  6 centaurs
  2 ogres (D:5)
  A necrophage (D:6)
  4 bullfrogs
  2 gnoll sergeants
  3 kobold brigands
  4 scorpions
  A water moccasin zombie (D:5)
  A water moccasin skeleton (D:6)
  9 killer bees
  2 howler monkeys
  An electric eel (D:10)
  A bullfrog zombie (D:6)
  4 centaur zombies
  3 hounds
  3 jellies
  2 orc priests
  Crazy Yiuf (D:7)
  A gnoll shaman (D:9)
  2 centaur skeletons
  A scorpion zombie (D:4)
  11 orc wizards
  Natasha (thrice) (D:3)
  2 iguanas (D:5)
  A killer bee zombie (D:5)
  3 hound zombies (D:4)
  Robin (D:3)
  12 gnolls
  8 adders
  A shadow imp (D:8)
  A white imp (D:7)
  2 ufetubi
  2 worms
  3 dart slugs
  25 orcs
  5 bats
  5 endoplasms
  7 giant cockroaches
  14 goblins
  11 hobgoblins
  18 jackals
  4 quokkas
  5 ball pythons
  3 frilled lizards
  30 kobolds
  3 rats
287 creatures vanquished.

Vanquished Creatures (others)
  A kobold (D:7)
  12 fungi (D:10)
  23 plants
36 creatures vanquished.

Grand Total: 323 creatures vanquished

Notes
Turn   | Place    | Note
-------+----------+-------------------------------------------
     0 | D:1      | Zeld the Draconian Transmuter began the quest for the Orb.
     0 | D:1      | Reached XP level 1. HP: 16/16 MP: 3/3
   494 | D:1      | Reached XP level 2. HP: 16/23 MP: 3/5
   504 | D:1      | Learned a level 2 spell: Wereblood
  1204 | D:2      | Found a faded altar of an unknown god.
  1227 | D:2      | Reached XP level 3. HP: 22/28 MP: 2/6
  1237 | D:2      | Learned a level 3 spell: Spider Form
  1510 | D:3      | Found a white marble altar of Elyvilon.
  1557 | D:3      | Reached skill level 1 in Ice Magic
  1860 | D:3      | Reached XP level 4. HP: 34/36 MP: 4/7
  1917 | D:3      | Reached skill level 1 in Poison Magic
  2068 | D:3      | Found a glowing silver altar of Zin.
  2213 | D:4      | Noticed a scorpion
  2229 | D:4      | Killed a scorpion
  2230 | D:4      | Reached XP level 5. HP: 22/41 MP: 3/9
  2235 | D:4      | Learned a level 4 spell: Ice Form
  2467 | D:4      | Reached skill level 4 in Unarmed Combat
  2782 | D:4      | Found a staircase to the Ecumenical Temple.
  2791 | Temple   | Entered the Ecumenical Temple
  2944 | D:3      | Noticed Natasha
  2949 | D:3      | Killed Natasha
  2950 | D:3      | Reached XP level 6. HP: 42/48 MP: 6/10
  3631 | D:2      | Identified the +1 leather armour "Nety" {Str+4 Int+4 Dex-4
                  | Stlth+}
  3907 | D:3      | Noticed Natasha
  3922 | D:3      | Killed Natasha
  4022 | D:3      | Noticed Natasha
  4028 | D:3      | Killed Natasha
  4241 | D:3      | Noticed Robin
  4258 | D:3      | Killed Robin
  4671 | D:3      | Found a burning altar of Makhleb.
  4671 | D:3      | Found an opulent altar of Gozag.
  4734 | D:3      | Became a worshipper of Gozag Ym Sagoz the Greedy
  4982 | D:4      | Found a basalt altar of Yredelemnul.
  5394 | D:5      | Entered Level 5 of the Dungeon
  5552 | D:5      | Your scales start taking on a pale cyan-grey colour.
  5552 | D:5      | Reached XP level 7. HP: 54/56 MP: 12/12
  5552 | D:5      | Gained mutation: You are immune to the effects of steam.
                  | [Pale Draconian growth]
  5795 | D:5      | Reached skill level 5 in Unarmed Combat
  5834 | D:5      | Found a sparkling altar of Nemelex Xobeh.
  6489 | D:5      | Found a sacrificial altar of Ru.
  6491 | D:5      | Found Betruywn's Jewellery Shoppe.
  6590 | D:5      | Bought a ring of see invisible for 210 gold pieces
  6642 | D:6      | Reached XP level 8. HP: 41/64 MP: 10/15
  6649 | D:6      | Reached skill level 5 in Transmutations
  6863 | D:6      | Reached skill level 5 in Spellcasting
  6953 | D:6      | Reached skill level 6 in Unarmed Combat
  7059 | D:6      | Found a hazy altar of Hepliaklqana.
  7135 | D:6      | Found a glowing drain.
  7146 | Sewer    | Entered a sewer
  7491 | Sewer    | Learned a level 5 spell: Blade Hands
  8583 | D:7      | Noticed a kobold demonologist
  8714 | D:7      | Noticed a red devil
  8961 | D:6      | Killed a kobold demonologist
  8962 | D:6      | Reached XP level 9. HP: 72/72 MP: 13/18
  9073 | D:6      | Reached skill level 7 in Unarmed Combat
  9605 | D:7      | Reached skill level 5 in Fighting
  9769 | D:7      | Found a runed translucent door.
  9770 | D:7      | Noticed Crazy Yiuf
  9776 | D:7      | Killed Crazy Yiuf
 10028 | D:7      | Noticed Menkaure
 10033 | D:7      | Killed Menkaure
 10792 | D:8      | Identified the +1 long sword of Quoczaf {freeze, *Rage
                  | Will+ Int+9 Stlth+}
 11153 | D:8      | Noticed a two-headed ogre
 11215 | D:8      | Killed a two-headed ogre
 11216 | D:8      | Reached skill level 8 in Unarmed Combat
 11505 | D:8      | Learned a level 6 spell: Statue Form
 11735 | D:8      | Reached XP level 10. HP: 83/83 MP: 20/20
 11757 | D:8      | Reached skill level 1 in Earth Magic
 12685 | D:9      | Found a shadowy altar of Dithmenos.
 12705 | D:9      | Noticed a two-headed ogre
 12715 | D:9      | Killed a two-headed ogre
 12914 | D:9      | Found an ancient bone altar of Kikubaaqudgha.
 13443 | D:9      | Noticed a manticore
 13761 | D:9      | Killed a manticore
 13762 | D:9      | Reached skill level 9 in Unarmed Combat
 14124 | D:9      | Identified the +2 helmet "Ileuttiq" {rC+ Slay+5}
 14126 | D:9      | Found a bloodstained altar of Trog.
 14126 | D:9      | Noticed Psyche
 14134 | D:9      | Killed Psyche
 14474 | D:10     | Entered Level 10 of the Dungeon
 14484 | D:10     | Noticed Harold
 15410 | D:11     | Noticed a two-headed ogre
 15422 | D:11     | Reached XP level 11. HP: 81/91 MP: 19/23
 15423 | D:11     | Killed a two-headed ogre
 16217 | D:10     | Noticed a two-headed ogre
 16234 | D:10     | Killed a two-headed ogre
 16806 | D:9      | Killed Harold
 17021 | D:10     | Found Paigoasy's Armour Emporium.
 17035 | D:10     | Bought an orb of energy for 224 gold pieces
 17552 | D:10     | Found a staircase to the Lair.
 17703 | D:10     | Reached skill level 10 in Unarmed Combat
 17864 | D:10     | Reached skill level 1 in Evocations
 18864 | D:11     | Noticed a two-headed ogre
 18864 | D:11     | Noticed a two-headed ogre
 19158 | D:11     | HP: 4/92 [two-headed ogre/the +10 dark maul {vorpal} (10)]
 19158 | D:11     | HP: 1/92 [two-headed ogre/the +10 dark maul {vorpal} (3)]
 19317 | D:10     | Annihilated by a two-headed ogre

Illustrated notes

Levels and vault maps discovered:
D:1:      saegor_arrival_miasma, layout_loops_ring,
          chequers_serial_rivers_micro_c
D:2:      layout_loops_ring, shapermc_ecumenical_altar_starsandcircs
D:3:      layout_loops_ring, gammafunk_temple_overflow_wave,
          mainiacjoe_overflow_small_starburst, elyvilon_altar_5, uniq_robin,
          uniq_natasha
D:4:      layout_loops_ring, nicolae_yredelemnul_corpse_copse,
          minmay_temple_entry_mini_moons, nicolae_concentric_dashed_squares_mild
D:5:      layout_cave_pods, pf_just_have_faith, nicolae_ru_path_of_blood,
          serial_shops, shop
D:6:      layout_basic, nicolae_hepliaklqana_hazy_memory,
          cheibrodos_sewer_entry_bend, hangedman_decor_riveting,
          grunt_decor_one_mirror
D:7:      layout_basic, uniq_menkaure, uniq_crazy_yiuf_cottage
D:8:      layout_loops_ring, hangedman_abyss_or_decor_lesser_grid,
          nrook_loot_triangle, hangedman_abyss_or_decor_stagger,
          minmay_strange_pillars
D:9:      layout_basic, lightli_temple_of_fire,
          grunt_dithmenos_smoke_and_mirrors,
          nicolae_kikubaaqudgha_miasma_corner, uniq_psyche
D:10:     layout_rooms, grunt_lair_entry_orc_guard_hut, serial_shops, shop,
          nooodl_orcs_dogs, uniq_harold
D:11:     layout_layer_cave, hellmonk_guarded_unrand_dark_maul
Temple:   pf_slimified_temple

Skill      XL: |  1  2  3  4  5  6  7  8  9 10 11 |
---------------+----------------------------------+-----
Ice Magic      | 1 2 |  2.0
Poison Magic   | 1 2 |  2.0
Fighting       | 2 3 4 5 6 7 |  7.4
Spellcasting   | 3 4 6 7 8 9 |  9.2
Transmutations | 3 4 6 7 9 |  9.9
Unarmed Combat | 4 5 6 8 9 10 | 10.3
Earth Magic    | 2 4 |  4.0
Evocations     | 1 |  1.9
Dodging        | |  1.7

Action                   |  1- 3 |  4- 6 |  7- 9 | 10-12 || total
-------------------------+-------+-------+-------+-------++-------
Melee: Unarmed           |    92 |   196 |   256 |   249 ||   793
       Headbutt          |    11 |    21 |       |       ||    32
       Kick              |    14 |    28 |       |       ||    42
       Tailslap          |     8 |    16 |     4 |    36 ||    64
       Punch             |       |     6 |     1 |    11 ||    18
 Cast: Beastly Appendage |    19 |    28 |     1 |       ||    48
       Wereblood         |     1 |       |       |       ||     1
       Spider Form       |     1 |    13 |    29 |     1 ||    44
       Ice Form          |       |       |    14 |     4 ||    18
       Blade Hands       |       |       |     2 |    40 ||    42
Invok: Call Merchant     |       |       |       |     1 ||     1
 Abil: Breathe Steam     |       |       |     5 |     6 ||    11
Evoke: Wand              |       |       |       |     7 ||     7
  Use: Scroll            |       |       |     6 |       ||     6
       Potion            |       |       |     2 |       ||     2
 Stab: Distracted        |       |       |       |     2 ||     2
Armor: Skin              |    25 |    59 |    82 |    87 ||   253
Dodge: Dodged            |    48 |   146 |   209 |   146 ||   549
